 Dungeon Crawl Stone Soup version 0.28.0-1-gb440e238dd (webtiles) character file.

Game seed: 16401081304290048186

5504 mopl the Cleaver (level 10, -3/132 HPs)
             Began as a Minotaur Berserker on Feb 20, 2022.
             Was a Priest of Trog.
             Slain by a 12-headed hydra (12 damage)
             ... on level 1 of the Lair of Beasts.
             The game lasted 00:09:33 (7077 turns).

mopl the Cleaver (Minotaur Berserker)               Turns: 7077, Time: 00:09:34

Health: -3/132     AC: 16    Str: 22    XL:     10   Next: 42%
Magic:  9/9        EV:  9    Int:  4    God:    Trog [***...]
Gold:   40         SH:  0    Dex: 14    Spells: 9/9 levels left

rFire   + . .      SeeInvis .   a - +0 hand axe
rCold   + . .      Faith    .   (no shield)
rNeg    . . .      Spirit   .   A - +0 plate armour
rPois   +          Reflect  .   (helmet restricted)
rElec   .          Harm     .   x - scarf {rC+ rF+}
rCorr   .          Rampage  .   m - +0 pair of gloves
Will    ++...                   M - +0 pair of boots
Stlth   ..........              F - amulet of the acrobat
HPRegen 1.32/turn               k - ring of poison resistance
MPRegen 0.11/turn               c - +4 ring of slaying

@: berserking, strong-willed, regenerating, very quick
A: horns 2, retaliatory headbutt
a: Renounce Religion, Berserk, Trog's Hand


You were on level 1 of the Lair of Beasts.
You worshipped Trog.
Trog was most pleased with you.
You visited 2 branches of the dungeon, and saw 9 of its levels.
You visited the Abyss 1 time.

You collected 287 gold pieces.
You spent 247 gold pieces at shops.

Inventory:

Hand Weapons
 a - a +0 hand axe (weapon)
Missiles
 d - 9 poisoned darts (quivered)
 H - 5 boomerangs
Armour
 m - a +0 pair of gloves (worn)
 x - a scarf of resistance (worn)
 A - a +0 plate armour (worn)
 M - a +0 pair of boots (worn)
Jewellery
 c - a +4 ring of slaying (right hand)
 h - a ring of flight
 k - a ring of poison resistance (left hand)
 v - a ring of fire
 y - an amulet of reflection
 E - a ring of protection from fire
 F - an amulet of the acrobat (around neck)
Wands
 n - a wand of polymorph (14)
 q - a wand of paralysis (8)
 C - a wand of digging (6)
 L - a wand of mindburst (7)
Scrolls
 e - a scroll of amnesia {unknown}
 i - 2 scrolls of torment {unknown}
 j - a scroll of silence {unknown}
 l - 2 scrolls of immolation {unknown}
 p - 5 scrolls of identify {unknown}
 t - a scroll of holy word {unknown}
 B - a scroll of fear {unknown}
 D - 2 scrolls of acquirement {unknown}
 I - 2 scrolls of teleportation {unknown}
 J - 3 scrolls of summoning {unknown}
Potions
 b - 2 potions of brilliance {unknown}
 f - 2 potions of heal wounds {unknown}
 g - 4 potions of invisibility {unknown}
 o - a potion of lignification {unknown}
 r - 3 potions of berserk rage {unknown}
 s - a potion of magic {unknown}
 u - a potion of mutation {unknown}
 w - a potion of curing {unknown}
 z - a potion of flight {unknown}
 G - 3 potions of might {unknown}
 K - a potion of haste {unknown}


   Skills:
 + Level 8.2 Fighting
 * Level 11.0 Axes
 + Level 4.9 Throwing
 + Level 7.8 Armour
 + Level 7.1 Dodging
 + Level 4.5 Evocations


You had 9 spell levels left.
You didn't know any spells.
Your spell library was empty.

Dungeon Overview and Level Annotations

Branches:
Dungeon (8/15)             Temple (0/1) D:5            Lair (1/6) D:8

Altars:
Fedhas
Gozag
Kikubaaqudgha
Makhleb
Qazlal
Trog
Uskayaw
Vehumet
Wu Jian

Shops:
D:1 [[(*

Portals:
Abyss: D:6

Annotations:
D:6 2 transporters, DevastatorOne's ghost, novice MiFi
D:8 Psyche


Innate Abilities, Weirdness & Mutations

You have a pair of horns on your head.
You reflexively headbutt those who attack you in melee.


Message History

The nine-headed hydra bites you but does no damage.
The nine-headed hydra completely misses you.
The nine-headed hydra bites you!
* * * LOW HITPOINT WARNING * * *
The nine-headed hydra bites you but does no damage.
The nine-headed hydra barely misses you.
The nine-headed hydra bites you.
* * * LOW HITPOINT WARNING * * *
Unknown command.
Unknown command.
You lop one of the nine-headed hydra's heads off!
The eight-headed hydra grows two more!
You slash the ten-headed hydra! You headbutt the ten-headed hydra!
The ten-headed hydra is severely wounded.
You hit the yak.
Unknown command.
Unknown command.
You slice one of the ten-headed hydra's heads off!
The nine-headed hydra grows two more!
You slash the 11-headed hydra!
The 11-headed hydra is severely wounded.
You slash the yak! The yak gores you.
* * * LOW HITPOINT WARNING * * *
Unknown command.
Unknown command.
You slice one of the 11-headed hydra's heads off!
The ten-headed hydra grows two more!
You slash the 12-headed hydra! You headbutt the 12-headed hydra!
The 12-headed hydra is almost dead.
You barely miss the yak.
The 12-headed hydra bites you but does no damage. x2
The 12-headed hydra bites you.
* * * LOW HITPOINT WARNING * * *
The 12-headed hydra barely misses you. The 12-headed hydra closely misses you.
The 12-headed hydra bites you but does no damage.
The 12-headed hydra bites you.
* * * LOW HITPOINT WARNING * * *
The 12-headed hydra bites you!
* * * LOW HITPOINT WARNING * * *
The 12-headed hydra bites you!
You die...

...Y#.......:..#....##
.....##..#....###...#
#.#...........##....#
.Y.##.....###.......#
....###..##.........##
.....................#
#######P .#####.#....#
#############.#†#Y..##
............†...@D..#
............†.......#
....................#
###P.#####P##########
#### ###


You could see a 12-headed hydra and a yak.

Vanquished Creatures
  A komodo dragon (Lair:1)
  The ghost of Fallenstar the Covered, an amateur MiFi of Hepliaklqana (D:5)
  A troll (D:8)
  A hornet (D:8)
  2 wyverns
  9 yaks
  A water moccasin (D:5)
  An ice beast (D:5)
  4 sky beasts
  A hornet zombie (D:4)
  An orc warrior (D:7)
  A black bear (D:4)
  A necrophage (D:6)
  A wolf (D:8)
  3 ogres
  3 bullfrogs
  A gnoll sergeant (D:8)
  A scorpion (D:5)
  12 wights
  An electric eel (D:8)
  2 bullfrog zombies (D:6)
  3 centaur zombies
  An orc priest (D:3)
  6 hounds
  A jelly (D:5)
  2 bullfrog skeletons
  A centaur skeleton (D:7)
  A gnoll shaman (D:5)
  3 iguanas
  Ijyb (D:3)
  3 orc wizards
  A bullfrog simulacrum (D:5)
  A hound skeleton (D:4)
  A scorpion simulacrum (D:5)
  7 gnolls
  8 adders
  A hound simulacrum (D:5)
  2 worms
  2 dart slugs
  10 orcs
  6 endoplasms
  2 giant cockroaches
  7 goblins
  5 hobgoblins
  2 jackals (D:5)
  3 quokkas
  9 ball pythons
  9 bats
  5 frilled lizards
  8 kobolds
  A rat (D:2)
161 creatures vanquished.

Vanquished Creatures (others)
  A wizard (D:3)
1 creature vanquished.

Grand Total: 162 creatures vanquished

Notes
Turn   | Place    | Note
-------+----------+-------------------------------------------
     0 | D:1      | mopl the Minotaur Berserker began the quest for the Orb.
     0 | D:1      | Reached XP level 1. HP: 19/19 MP: 0/0
   166 | D:1      | Found Myrierch's Assorted Antiques.
   196 | D:1      | Found Zubu's Armour Boutique.
   202 | D:1      | Reached XP level 2. HP: 23/27 MP: 1/1
   208 | D:1      | Found Xixuaw's Antique Armour Boutique.
   266 | D:1      | Reached skill level 4 in Axes
   368 | D:1      | Found Tiugir's Antique Weapon Boutique.
   623 | D:2      | Reached XP level 3. HP: 33/33 MP: 2/2
   657 | D:2      | Reached ** piety under Trog
   658 | D:2      | Reached skill level 4 in Fighting
   693 | D:2      | Reached skill level 3 in Armour
   953 | D:2      | Found a faded altar of an unknown god.
  1057 | D:2      | Reached XP level 4. HP: 32/40 MP: 3/3
  1400 | D:3      | Reached skill level 3 in Dodging
  1403 | D:3      | Reached skill level 5 in Axes
  1404 | D:3      | Reached XP level 5. HP: 42/47 MP: 4/4
  1470 | D:3      | Found a bloodstained altar of Trog.
  1474 | D:3      | Noticed a wizard
  1477 | D:3      | Killed a wizard
  2046 | D:3      | Noticed Ijyb
  2057 | D:3      | Killed Ijyb
  2280 | D:4      | Noticed an ogre
  2287 | D:4      | Killed an ogre
  2288 | D:4      | Reached skill level 6 in Axes
  2288 | D:4      | Reached skill level 4 in Armour
  2288 | D:4      | Reached XP level 6. HP: 40/55 MP: 5/5
  2370 | D:4      | Reached skill level 5 in Fighting
  2606 | D:4      | Reached skill level 4 in Dodging
  2606 | D:4      | Reached XP level 7. HP: 27/61 MP: 6/6
  3042 | D:4      | Identified the +1 robe "Efrox" {Harm Drain rCorr Str+4}
  3119 | D:5      | Entered Level 5 of the Dungeon
  3156 | D:5      | Noticed Fallenstar's ghost (amateur MiFi)
  3171 | D:5      | Reached skill level 7 in Axes
  3206 | D:5      | Found a runed translucent gate.
  3206 | D:5      | Found a runed translucent gate.
  3206 | D:5      | Found a runed translucent gate.
  3278 | D:5      | Reached skill level 1 in Throwing
  3286 | D:5      | Reached *** piety under Trog
  3287 | D:5      | Reached skill level 5 in Armour
  3287 | D:5      | Reached skill level 1 in Evocations
  3326 | D:5      | Noticed a yak
  3326 | D:5      | Noticed a yak
  3326 | D:5      | Noticed a yak
  3338 | D:5      | Killed a yak
  3343 | D:5      | Noticed a yak
  3345 | D:5      | Killed a yak
  3346 | D:5      | Reached XP level 8. HP: 70/70 MP: 7/7
  3452 | D:5      | Reached skill level 6 in Fighting
  3452 | D:5      | Reached skill level 2 in Throwing
  3455 | D:5      | Reached skill level 8 in Axes
  3455 | D:5      | Reached skill level 5 in Dodging
  3455 | D:5      | Reached skill level 2 in Evocations
  3549 | D:5      | Reached skill level 6 in Armour
  3926 | D:5      | Found a staircase to the Ecumenical Temple.
  3965 | D:5      | Killed Fallenstar's ghost
  3966 | D:5      | Reached skill level 9 in Axes
  3966 | D:5      | Reached skill level 3 in Throwing
  3966 | D:5      | Reached XP level 9. HP: 78/78 MP: 8/8
  3982 | D:5      | Reached skill level 3 in Evocations
  4125 | D:6      | Reached skill level 7 in Fighting
  4200 | D:6      | Reached skill level 6 in Dodging
  4443 | D:6      | Found a transporter.
  4462 | D:6      | Found a one-way gate to the infinite horrors of the Abyss.
  4463 | D:6      | Noticed DevastatorOne's ghost (novice MiFi)
  4476 | D:6      | Noticed an ancient zyme
  4477 | D:6      | Found a transporter.
  4685 | D:6      | Found a burning altar of Makhleb.
  4728 | D:6      | Noticed a shining eye
  4844 | D:6      | Found a stormy altar of Qazlal.
  4996 | D:7      | Reached skill level 7 in Armour
  4997 | D:7      | Reached skill level 10 in Axes
  4997 | D:7      | Reached skill level 4 in Throwing
  5068 | D:7      | Found a blossoming altar of Fedhas.
  5071 | D:7      | Found an opulent altar of Gozag.
  5132 | D:7      | Found a radiant altar of Vehumet.
  5160 | D:7      | Found an ancient bone altar of Kikubaaqudgha.
  5162 | D:7      | Found a hide-covered altar of Uskayaw.
  5165 | D:7      | Found an ornate altar of the Wu Jian Council.
  5664 | D:1      | Bought a dented emerald amulet for 125 gold pieces
  5664 | D:1      | Bought 3 scrolls labelled BYIXEPU NEGUE for 75 gold pieces
  5664 | D:1      | Bought a scroll labelled VEGHOC SEULET for 25 gold pieces
  5664 | D:1      | Bought a fizzy orange potion for 22 gold pieces
  5816 | D:8      | Reached skill level 4 in Evocations
  5915 | D:8      | Reached XP level 10. HP: 51/88 MP: 9/9
  6461 | D:8      | Cast into level 1 of the Abyss (gnoll sergeant)
  6512 | D:8      | Escaped the Abyss
  6741 | D:8      | Found a staircase to the Lair.
  6943 | D:8      | Noticed Psyche
  6947 | Lair:1   | Entered Level 1 of the Lair of Beasts
  6962 | Lair:1   | Reached skill level 8 in Fighting
  6999 | Lair:1   | Reached skill level 7 in Dodging
  7044 | Lair:1   | Noticed a six-headed hydra
  7071 | Lair:1   | Reached skill level 11 in Axes
  7077 | Lair:1   | Slain by a 12-headed hydra

Illustrated notes

Levels and vault maps discovered:
D:1:      dpeg_arrival_solitude, layout_basic, serial_shops,
          nicolae_shop_temple_entry_statues_fountains, shop, shop,
          nicolae_shop_advertising_works [nicolae_subvault_shop_adworks]
D:2:      layout_basic, shapermc_ecumenical_altar_pompeii
D:3:      layout_loops_corners, trog_wizard, minmay_ruptured, uniq_ijyb
D:4:      layout_rooms
D:5:      layout_loops_ring, minmay_temple_entry_poolview, gammafunk_ghost_icy
D:6:      layout_loops_cross, mainiacjoe_overflow_alcove_1,
          makhleb_heckhound_becter, gammafunk_ghost_abyssal_escape,
          corexii_leaking_fountain, minmay_misc_feat_secret_circle
D:7:      layout_cave_pools, grunt_temple_overflow_open,
          gammafunk_temple_overflow_forgotten
D:8:      layout_loops_ring, erik_lair_island, uniq_psyche
Lair:1:   layout_long_grid, portal_ice_cave_entry_pillars_2,
          serial_bayou_shore_b, grunt_megastairs_2, serial_bayou_shore_a

Skill      XL: |  1  2  3  4  5  6  7  8  9 10 |
---------------+-------------------------------+-----
Axes           | 4 5 6 7 9 10 11 | 11.0
Fighting       | 4 5 6 7 8 |  8.2
Armour         | 3 4 5 6 7 |  7.8
Dodging        | 3 4 5 6 7 |  7.1
Throwing       | 1 3 4 |  4.9
Evocations     | 1 2 4 |  4.5

Action                   |  1- 3 |  4- 6 |  7- 9 | 10-12 || total
-------------------------+-------+-------+-------+-------++-------
Melee: Hand axe          |    77 |    97 |   221 |    75 ||   470
       Headbutt          |    10 |    20 |    44 |    20 ||    94
       Unarmed           |       |     1 |       |       ||     1
       Punch             |       |     2 |     2 |     1 ||     5
Throw: Dart              |       |       |     1 |       ||     1
Invok: Berserk           |       |     5 |     9 |     4 ||    18
       Trog's Hand       |       |       |       |     3 ||     3
Evoke: Wand              |       |       |       |     3 ||     3
Armor: Chain mail        |    50 |    45 |    70 |       ||   165
       Plate armour      |       |       |    19 |    30 ||    49
Dodge: Dodged            |    30 |    42 |    80 |    52 ||   204
Block: Other             |       |       |     8 |    16 ||    24
